AoeStats
← AndreTheGiant34

Arena

510338207Analyzed
2v2 RM · 20h ago on Sep 30, 2026· 39m 46s· 4 players
Game mode
Random Map
Map size
Medium (4 player)
Population
200
Speed
Normal
Resources
Standard
Victory
Conquest
Starting age
Dark Age
Ending age
Imperial Age
RankedLock teamsTeams togetherTeam positionsShared explorationLock speedFull tech treeHidden civsTurbo modeCheats
Victory
Defeat
🇹🇷 Turks · Türkiye
871
+14
🇹🇷 Teutons · Türkiye
842
+14
🇺🇸 Celts · United States
816
-14
🇺🇸 Bohemians · United States
816
-14
AndreTheGiant34
13:16 Feudal Age
14:58 Wheelbarrow
14:27 Double-Bit Axe
17:44 Castle Age
15:48 Horse Collar
16:40 Gold Mining
19:55 Loom
21:04 Fletching
25:36 Bow Saw
28:33 Heavy Plow
29:52 Scale Mail Armor
30:38 Bodkin Arrow
31:37 Fortified Wall
34:55 Imperial Age
34:58 Padded Archer Armor
35:11 Forging
35:16 Chain Mail Armor
38:24 Hand Cart
bt.wall.20
10:56 Feudal Age
10:31 Loom
15:52 Castle Age
14:05 Double-Bit Axe
14:11 Horse Collar
17:53 Heavy Plow
18:16 Fervor
25:41 Imperial Age
25:39 Chemistry
26:23 Bow Saw
27:13 Elite Skirmisher
28:44 Wheelbarrow
29:44 Two-Man Saw
29:48 Conscription
29:59 Caravan
30:09 Scale Mail Armor
30:17 Padded Archer Armor
30:07 Fletching
30:32 Town Watch
31:12 Ballistics
31:42 Hand Cart
31:57 Wagenburg Tactics
33:13 Siege Engineers
34:58 Masonry
34:44 Murder Holes
36:07 Husbandry
35:28 Light Cavalry
36:49 Houfnice
magadostdost
10:04 Loom
12:12 Feudal Age
12:35 Horse Collar
13:33 Wheelbarrow
12:46 Double-Bit Axe
13:31 Stone Mining
13:33 Gold Mining
13:42 Arson
19:48 Castle Age
18:04 Scale Mail Armor
17:51 Man-at-Arms
18:59 Fletching
20:47 Hand Cart
20:49 Town Watch
21:34 Bow Saw
22:55 Heavy Plow
23:55 Chain Mail Armor
23:27 Gambesons
23:43 Squires
27:18 Stone Shaft Mining
27:44 Ironclad
28:44 Bodkin Arrow
31:46 Imperial Age
30:36 Long Swordsman
31:43 Town Patrol
33:03 Plate Mail Armor
32:04 Capped Ram
33:42 Crop Rotation
34:32 Bloodlines
34:29 Scale Barding Armor
35:27 Chemistry
35:20 Conscription
35:25 Cavalier
36:05 Elite Teutonic Knight
38:31 Siege Engineers
38:50 Ballistics
38:09 Paladin
39:46 Chain Barding Armor
40:36 Crenellations
Nekokaburi
10:48 Feudal Age
11:25 Double-Bit Axe
17:28 Castle Age
16:25 Horse Collar
19:57 Bow Saw
24:36 Wheelbarrow
24:25 Heavy Plow
24:15 Town Watch
27:48 Imperial Age
25:41 Ballistics
26:07 Scale Mail Armor
26:51 Hand Cart
26:36 Gold Mining
26:38 Stone Mining
27:17 Fletching
27:35 Scale Barding Armor
30:19 Gold Shaft Mining
31:16 Two-Man Saw
32:32 Squires
33:19 Padded Archer Armor
35:15 Town Patrol
37:47 Conscription
39:51 Artillery
Connection lost

Rejoining the realm…

Still unreachable

The connection could not be restored.

Session expired

The server has moved on; the page needs a fresh start.